cohdb
Replays
Latest Replays
All Replays
Popular Replays
Top Player Replays
Match Explorer
How It Works
Community
CoH3 Stats
Reddit
Sign in to upload your games and track your stats! →
Sign in with Steam
Match 37874080
Unlisted
Match 37874080
Overview
Messages
Build Orders
End
Construct Barracks
Engineer Squad
Selects Advanced Infantry Battlegroup
1⁄4-ton 4x4 Truck
1⁄4-ton 4x4 Truck
Riflemen Squad
Riflemen Squad
Selects Convert to Ranger Squad
Convert to Ranger Squad
Ranger Squad
Selects Artillery Observers
Construct Weapon Support Center
Air Support Center
Convert to Ranger Squad
Selects Frontline Medical Station
Double Sortie
Grasshopper Recon Run
Air Supply
Improved M9 Bazooka Rockets
Frontline Medical Station
Artillery Observer Squad
Selects M2A1 105mm Howitzer Emplacement
Grasshopper Recon Run
P-47 Dive Bomb
P-47 Strafing Run
P-47 Strafing Run
Grasshopper Recon Run
Air Supremacy
Grasshopper Recon Run
MaWerrick
Honey
khj
Smorrebrod
Nipsu
Sinep
Mysli
Pandarabbit
0
0
Comments
sign in to comment!
No comments posted yet!